 Dungeon Crawl Stone Soup version 0.23.2-40-g277498a001 (webtiles) character file.

Game seed: 6969812313800273291

498558 test0r the Slayer (level 24, -12/247 HPs)
             Began as a Minotaur Fighter on Oct 4, 2019.
             Was the Champion of Okawaru.
             Killed by divine providence
             ... invoked by a mummy priest
              (15 damage)
             ... on level 2 of the Tomb of the Ancients on Oct 10, 2019.
             The game lasted 07:29:38 (55701 turns).

test0r the Slayer (Minotaur Fighter)               Turns: 55701, Time: 07:29:39

Health: -12/247    AC: 39    Str: 45    XL:     24   Next: 0%
Magic:  35/38      EV: 23    Int:  4    God:    Okawaru [******]
Gold:   2801       SH: 26    Dex: 18    Spells: 23/23 levels left

rFire    + + .     SeeInvis +   V - +7 broad axe (flame)
rCold    + + +     Gourm    .   Q - +4 shield {rN+}
rNeg     + + +     Faith    .   O - +8 plate armour of Hangman {Str+4}
rPois    +         Spirit   .   C - +3 crown of Dyrovepreva {rElec Int+2 SInv}
rElec    +         Reflect  .   n - +0 cloak of Mumblety Peg {-Tele rC+ rN+ Dex+6}
rCorr    .         Harm     .   Z - +0 pair of gloves of the Serpent {Str+4}
MR       +++..     Rnd*Rage +   t - +0 pair of boots {run} Stlth +.........NoTele +
                                D - necklace of Bloodlust {*Rage +Rage MR++ Int-3 Slay+6 *Curse}
HPRegen  0.00/turn              q - ring of Ceploq {rPois rF+ rC+++ MP+9 Str-2}
MPRegen  0.26/turn              I - ring of the Unstoppable Eyes {rElec rN+ Str+3}

@: mighty, heroism, finesse, non-regenerating, diseased, slowed, studying Maces
& Flails, very slow
A: retaliatory headbutt, horns 2, fire resistance 1, poison resistance,
electricity resistance
}: 2/15 runes: decaying, gossamer
a: Heroism, Finesse, Renounce Religion, Evoke Berserk Rage


You were on level 2 of the Tomb of the Ancients.
You worshipped Okawaru.
Okawaru was exalted by your worship.
You were completely stuffed.

You visited 11 branches of the dungeon, and saw 44 of its levels.
You visited the Abyss 3 times.
You also visited: Ossuary and Desolation.

You collected 5561 gold pieces.
You spent 2760 gold pieces at shops.

Inventory:

Hand Weapons
 J - a +2 broad axe of chopping
   (Okawaru gifted it to you on level 4 of the Swamp)
 V - a +7 broad axe of flaming (weapon)
   (Okawaru gifted it to you on level 2 of the Lair of Beasts)
Armour
 a - a scarf of cloud immunity
   (You bought it in a shop on level 1 of the Elven Halls)
 n - the +0 cloak of Mumblety Peg (worn) {-Tele rC+ rN+ Dex+6}
   (Okawaru gifted it to you on level 2 of the Elven Halls)

   It affects your dexterity (+6).
   It protects you from cold.
   It protects you from negative energy.
   It prevents most forms of teleportation.
 t - a +0 pair of boots of running (worn)
   (You bought it in a shop on level 1 of the Elven Halls)
 v - the +1 pair of boots of Tixog {rCorr Int+4 SInv}
   (Okawaru gifted it to you on level 1 of the Tomb of the Ancients)

   It affects your intelligence (+4).
   It lets you see invisible.
   It provides partial protection from all sources of acid and corrosion.
 C - the +3 crown of Dyrovepreva (worn) {rElec Int+2 SInv}
   (You bought it in a shop on level 2 of the Orcish Mines)

   It affects your intelligence (+2).
   It insulates you from electricity.
   It lets you see invisible.
 F - a +2 shield of protection
   (You took it off a vault warden on level 1 of the Vaults)
 M - the +9 plate armour "Irchuh" {rElec rF- rC+++ Str+3}
   (You found it on level 10 of the Dungeon)

   It affects your strength (+3).
   It makes you vulnerable to fire.
   It renders you almost immune to cold.
   It insulates you from electricity.
 O - the +8 plate armour of Hangman (worn) {Str+4}
   (You took it off a skeletal warrior on level 10 of the Dungeon)

   It affects your strength (+4).
 Q - a +4 shield of positive energy (worn)
   (You took it off a tengu warrior on level 10 of the Dungeon)
 Z - the +0 pair of gloves of the Serpent (worn) {Str+4}
   (You found it in the Desolation of Salt)

   It affects your strength (+4).
Jewellery
 d - the ring of Ycvexagh {rF+ MR+ Int+4}
   (You found it in the Desolation of Salt)

   [ring of protection from fire]

   It affects your intelligence (+4).
   It protects you from fire.
   It affects your resistance to hostile enchantments.
 i - an uncursed ring of protection from fire
   (You found it on level 2 of the Lair of Beasts)
 q - the ring of Ceploq (left hand) {rPois rF+ rC+++ MP+9 Str-2}
   (You found it in the Desolation of Salt)

   [ring of protection from fire]

   It affects your strength (-2).
   It protects you from fire.
   It renders you almost immune to cold.
   It protects you from poison.
   It affects your magic capacity (+9).
 r - an uncursed ring of positive energy
   (You found it on level 3 of the Vaults)
 z - an uncursed ring of see invisible
   (You found it on level 10 of the Dungeon)
 D - the necklace of Bloodlust (around neck) {*Rage +Rage MR++ Int-3 Slay+6 *Curse}
   (You found it on level 8 of the Dungeon)

   [amulet of rage]

   It affects your intelligence (-3).
   It affects your accuracy and damage with ranged weapons and melee attacks
   (+6).
   It affects your resistance to hostile enchantments.
   It lets you go berserk.
   It may make you go berserk in combat.
   It curses itself when equipped.
 I - the ring of the Unstoppable Eyes (right hand) {rElec rN+ Str+3}
   (You found it on level 1 of the Spider Nest)

   [ring of positive energy]

   It affects your strength (+3).
   It insulates you from electricity.
   It protects you from negative energy.
 P - the ring of Agnosticism {rCorr *Contam rC+++ MP-9 Dex+9}
   (You found it on level 1 of the Spider Nest)

   [ring of resist corrosion]

   It affects your dexterity (+9).
   It renders you almost immune to cold.
   It affects your magic capacity (-9).
   It causes magical contamination when unequipped.
 U - the ring of Suspected Treachery {Str+3 Slay+2}
   (You found it on level 2 of the Abyss)

   [ring of strength]

   It affects your strength (+3).
   It affects your accuracy and damage with ranged weapons and melee attacks
   (+2).
Wands
 c - a wand of disintegration (24)
   (You took it off a naga mage on level 15 of the Dungeon)
Scrolls
 f - 9 scrolls of blinking
 g - 3 scrolls of fear
 h - 20 scrolls of remove curse {@r2}
 l - 2 scrolls of silence
 m - 5 scrolls of enchant weapon
 o - 7 scrolls of enchant armour
 p - 20 scrolls of teleportation {@r4}
 y - a scroll of magic mapping
 A - 4 scrolls of identify {@r1}
 X - 3 scrolls of fog
Potions
 b - 3 potions of ambrosia
 j - 17 potions of curing {@q1}
 k - a potion of lignification {!q}
 s - 3 potions of flight
 w - 5 potions of invisibility
 B - 6 potions of cancellation
 E - 3 potions of resistance
 H - 5 potions of agility
 S - 2 potions of heal wounds {@q2}
 T - 7 potions of might
Books
 R - a manual of Maces & Flails {!d}
   (You found it in the Desolation of Salt)
Comestibles
 e - 49 rations {!d}


   Skills:
 * Level 26.9(27) Fighting
 - Level 17.2(23.0) Axes
 - Level 9.2(19.3) Maces & Flails
   Level 5.0(10.0) Bows
 + Level 21.8(26.8) Armour
 + Level 12.6(17.6) Dodging
 - Level 8.0(13.0) Stealth
 - Level 22.0(27) Shields
 - Level 10.0 Invocations


You had 23 spell levels left.
You didn't know any spells.
Your spell library contained the following spells:

 Spells                   Type           Power        Failure   Level  Hunger
 Apportation              Tloc           #.....       75%         1    ##.....
 Flame Tongue             Conj/Fire      #....        75%         1    ##.....
 Magic Dart               Conj           #...         75%         1    ##.....
 Sting                    Conj/Pois      #...         75%         1    ##.....
 Summon Butterflies       Summ           #.......     75%         1    ##.....
 Summon Small Mammal      Summ           #...         75%         1    ##.....
 Blink                    Tloc           N/A          86%         2    ###....
 Ensorcelled Hibernation  Hex/Ice        #.....       86%         2    ###....
 Passwall                 Tmut/Erth      #.......     86%         2    ###....
 Poisonous Vapours        Pois/Air       #.....       86%         2    ###....
 Searing Ray              Conj           #.....       86%         2    ###....
 Throw Flame              Conj/Fire      #.....       86%         2    ###....
 Call Canine Familiar     Summ           #.......     98%         3    ####...
 Conjure Flame            Conj/Fire      #.......     98%         3    ####...
 Dazzling Spray           Conj/Hex       #.....       98%         3    ####...
 Gell's Gravitas          Tloc           #.........   98%         3    ####...
 Ignite Poison            Fire/Tmut/Pois #.......     98%         3    ####...
 Inner Flame              Hex/Fire       #.......     98%         3    ####...
 Lesser Beckoning         Tloc           #.........   98%         3    ####...
 Mephitic Cloud           Conj/Pois/Air  #.......     98%         3    ####...
 Portal Projectile        Hex/Tloc       #.....       98%         3    ####...
 Recall                   Summ/Tloc      N/A          98%         3    ####...
 Stone Arrow              Conj/Erth      #.....       98%         3    ####...
 Tukima's Dance           Hex            #.......     98%         3    ####...
 Force Lance              Conj/Tloc      #.......     100%        4    #####..
 Fulminant Prism          Conj/Hex       #.........   100%        4    #####..
 Ice Form                 Ice/Tmut       #.......     100%        4    #####..
 Iskenderun's Mystic Bla  Conj           #.......     100%        4    #####..
 Leda's Liquefaction      Hex/Erth       #.........   100%        4    #####..
 Olgreb's Toxic Radiance  Pois           #.......     100%        4    #####..
 Sticky Flame             Conj/Fire      #.......     100%        4    #####..
 Summon Ice Beast         Ice/Summ       #.......     100%        4    #####..
 Summon Lightning Spire   Summ/Air       #.......     100%        4    #####..
 Alistair's Intoxication  Tmut/Pois      #.......     100%        5    ######.
 Bolt of Magma            Conj/Fire/Erth #.........   100%        5    ######.
 Borgnjor's Vile Clutch   Necr/Erth      #.........   100%        5    ######.
 Fireball                 Conj/Fire      #.........   100%        5    ######.
 Iskenderun's Battlesphe  Conj/Chrm      #.......     100%        5    ######.
 Lee's Rapid Deconstruct  Erth           #.........   100%        5    ######.
 Metabolic Englaciation   Hex/Ice        #.........   100%        5    ######.
 Silence                  Hex/Air        #.........   100%        5    ######.
 Summon Demon             Summ           #.........   100%        5    ######.
 Summon Mana Viper        Hex/Summ       #.......     100%        5    ######.
 Venom Bolt               Conj/Pois      #.........   100%        5    ######.
 Bolt of Cold             Conj/Ice       #.........   100%        6    #######
 Bolt of Fire             Conj/Fire      #.........   100%        6    #######
 Conjure Ball Lightning   Conj/Air       #.........   100%        6    #######
 Darkness                 Hex            #.........   100%        6    #######
 Deflect Missiles         Chrm/Air       #.........   100%        6    #######
 Freezing Cloud           Conj/Ice/Air   #.........   100%        6    #######
 Invisibility             Hex            #.......     100%        6    #######
 Iron Shot                Conj/Erth      #.........   100%        6    #######
 Ozocubu's Refrigeration  Ice            #.........   100%        6    #######
 Poison Arrow             Conj/Pois      #.........   100%        6    #######
 Shadow Creatures         Summ           N/A          100%        6    #######
 Simulacrum               Ice/Necr       #.........   100%        6    #######
 Statue Form              Tmut/Erth      #........    100%        6    #######
 Malign Gateway           Summ/Tloc      #.........   100%        7    #######
 Monstrous Menagerie      Summ           #.........   100%        7    #######
 Orb of Destruction       Conj           #.........   100%        7    #######
 Ring of Flames           Chrm/Fire      #.........   100%        7    #######
 Spellforged Servitor     Conj/Summ      #.........   100%        7    #######
 Summon Greater Demon     Summ           #.........   100%        7    #######
 Summon Hydra             Summ           #.........   100%        7    #######
 Chain Lightning          Conj/Air       #.........   100%        8    #######
 Disjunction              Tloc           #.........   100%        8    #######
 Ignition                 Fire           #.........   100%        8    #######
 Lehudib's Crystal Spear  Conj/Erth      #.........   100%        8    #######
 Summon Horrible Things   Summ           #.........   100%        8    #######
 Fire Storm               Conj/Fire      #.........   100%        9    #######
 Glaciate                 Conj/Ice       #.........   100%        9    #######
 Shatter                  Erth           #.........   100%        9    #######
 Tornado                  Air            #.........   100%        9    #######


Dungeon Overview and Level Annotations

Branches:
Dungeon (15/15)            Temple (1/1) D:7            Lair (6/6) D:8
  Swamp (4/4) Lair:4       Spider (4/4) Lair:3        Slime (1/5) Lair:6
    Orc (2/2) D:10            Elf (3/3) Orc:2        Vaults (3/5) D:14
  Crypt (3/3) Vaults:3       Tomb (2/3) Crypt:3      Depths (0/5) D:15

Altars:
Ashenzari
Cheibriados
Dithmenos
Elyvilon
Fedhas
Gozag
Hepliaklqana
Kikubaaqudgha
Makhleb
Nemelex Xobeh
Okawaru
Qazlal
Ru
Sif Muna
Trog
Uskayaw
Vehumet
Wu Jian
Xom
Yredelemnul
Zin
The Shining One
Beogh
Jiyva

Shops:
D:4 !   D:6 *[=*   D:11 !   D:12 *   D:14 =(?!   Orc:1 [   Orc:2 [(:*
Elf:1 [=?   Vaults:3 !

Annotations:
D:4 2 exclusions
Lair:2 exclusion: 4 oklob plants
Crypt:3 1 exclusion


Innate Abilities, Weirdness & Mutations

You reflexively headbutt those who attack you in melee.
You have a pair of horns on your head.
Your flesh is heat resistant. (rF+)
Your system is resistant to poisons. (rPois)
You are resistant to electric shocks. (rElec)


Message History

You headbutt the greater mummy, but do no damage.
You hit the mummy priest but do no damage.
You barely miss the vampire.
You slice the wight like a ripe choko!!!
You burn the wight.
You destroy the wight!
You hit the stone giant skeleton. You burn the stone giant skeleton.
You slash the shadow wraith! You burn the shadow wraith.
The shadow wraith hits you but does no damage.
The greater mummy mumbles some strange words.
The death scarab is engulfed in freezing vapours.
You block the death scarab's attack.
You slash the greater mummy! You burn the greater mummy.
You headbutt the greater mummy, but do no damage.
You slash the mummy priest! You burn the mummy priest.
You destroy the mummy priest!
Okawaru accepts your kill.
You have reached level 24!
Your experience leads to an increase in your attributes!
Your base attributes are Str 30, Int 5, Dex 11.
Increase (S)trength, (I)ntelligence, or (D)exterity?
You feel stronger.
You feel agile.
You feel extremely nervous for a moment...
You feel as though you will be slow longer.
You feel horribly lethargic.
You cut the vampire into ribbons!!! You burn the vampire!
You destroy the vampire!
You barely miss the mummy priest. You hit the stone giant skeleton.
You burn the stone giant skeleton.
You destroy the stone giant skeleton!
Okawaru accepts your kill.
You slash the shadow wraith! You burn the shadow wraith.
You slice the death scarab!! You burn the death scarab.
You destroy the death scarab!
The death scarab's corpse disappears in a puff of smoke!
You block the greater mummy's attack.
The snapping turtle zombie bites you but does no damage.
The vampire gestures wildly while chanting.
The vampire flickers and vanishes for a moment.
A mummy comes into view.
You feel very mighty all of a sudden. The death scarab bites you!
* * * LOW HITPOINT WARNING * * *
The death scarab drains your vigour!
You feel as though you will be slow longer.
You block the mana viper's attack.
The phantasmal warrior blinks!
The shadow wraith misses you.
The mummy priest invokes the aid of its god against you.
Something smites you!
You die...

##...%.$.......§..
##.(...............
...................
..................
.##......s.........
......§WZ.M........
....s.sMzZVZ.......
#...VsWSW.M.......
##.§nM@MVn...M....
##...$#######....
##...# ...# #..W^
..# ..... .......
........ ...!......


You could see 3 greater mummies, 2 emperor scorpions, 2 mummy priests, 2 shadow
wraiths, a phantasmal warrior, a mana viper, 3 vampires, 2 death scarabs, 2
necrophages, a shadow (invisible), a flying skull, a mummy, an iron dragon
simulacrum, a fire giant simulacrum and a snapping turtle zombie.

Vanquished Creatures
  Mennas (Crypt:2)
  3 greater mummies
  Bai Suzhen (Swamp:3)
  Boris (Vaults:3)
  the Lernaean hydra (Swamp:4)
  A curse toe (Crypt:3)
  A profane servitor (Abyss:2)
  Nikola (Swamp:2)
  2 bone dragons (Abyss:2)
  Jorgrun (Swamp:3)
  Rupert (Lair:4)
  A Hell Sentinel (Spider:1)
  2 deep elf blademasters (Elf:3)
  4 liches
  Frances (D:14)
  2 deep elf master archers (Elf:3)
  3 thorn hunters
  7 sphinxes
  3 tentacled starspawn
  5 ancient champions
  3 revenants
  A fire giant (Vaults:1)
  3 deep elf sorcerers (Elf:3)
  A daeva (Abyss:4)
  4 ghost moths
  3 imperial myrmidons (Desolation)
  11 vault wardens
  3 deep elf elementalists (Elf:3)
  2 frost giants (D:14)
  A curse skull (Crypt:3)
  7 ghouls
  2 reapers (Crypt:3)
  An orc warlord (Orc:2)
  Louise (Swamp:3)
  4 emperor scorpions
  11 ironheart preservers
  5 entropy weavers
  9 very ugly things
  3 vampire knights
  2 bennus (Tomb:1)
  9 deep elf annihilators (Elf:3)
  A halazid warlock (Desolation)
  The ghost of kalagan the Geomancer, a journeyman GrEE of Sif Muna (Lair:6)
  11 deep elf demonologists
  A dire elephant (Lair:6)
  2 spark wasps
  Snorg (Lair:5)
  8 jiangshi
  A green death (Abyss:2)
  A quicksilver dragon zombie (Abyss:2)
  An eidolon (Crypt:1)
  5 mummy priests
  7 deep elf death magi
  2 crystal guardians (Desolation)
  A fire dragon (Vaults:3)
  6 yaktaur captains
  7 ragged hierophants (Desolation)
  3 deep elf high priests (Elf:3)
  2 great orbs of eyes
  4 servants of whispers (Desolation)
  Fannar (Orc:1)
  3 rakshasas
  2 ice dragons
  13 vault guards
  22 hydras
  Erica (Lair:1)
  8 peacekeepers (Desolation)
  2 catoblepae
  3 death knights
  2 shambling mangroves
  15 centaur warriors
  5 ogre magi
  11 two-headed ogres
  A deep troll shaman (Lair:6)
  28 dancing weapons
  3 tengu warriors
  A queen ant (Spider:1)
  A deep troll earth mage (Vaults:1)
  12 death scarabs (Tomb:1)
  An orc high priest (Orc:2)
  Urug (Lair:3)
  12 alligators
  5 vampire magi
  5 death yaks (Lair:6)
  Nergalle (Orc:1)
  A titan zombie (Crypt:1)
  A fire crab (Lair:5)
  14 thrashing horrors
  A fire crab (shapeshifter) (Abyss:2)
  2 soul eaters
  2 sixfirhies (Abyss:2)
  2 titan skeletons
  26 deep elf knights
  6 wretched stars
  15 skeletal warriors
  6 flayed ghosts
  2 glowing orange brains
  A golden dragon zombie (Crypt:3)
  2 spatial maelstroms
  13 deep trolls
  5 shadow wraiths
  5 unseen horrors
  2 anaconda zombies (Crypt:1)
  20 starcursed masses (Abyss:2)
  9 swamp dragons
  19 ironbrand convokers
  4 spriggan druids
  A lindwurm (Lair:5)
  3 phantasmal warriors
  19 deep elf archers
  2 golden dragon skeletons
  4 wizards
  76 deep elf magi
  Pikel (D:5)
  13 orc knights
  8 orb spiders
  2 anaconda skeletons
  3 necromancers
  6 orc sorcerers
  A frost giant zombie (Crypt:1)
  A sphinx zombie (Crypt:2)
  An oklob plant (Lair:4)
  An iron dragon zombie (Abyss:4)
  A wolf spider zombie (Crypt:1)
  A stone giant zombie (Abyss:2)
  3 harpies (Vaults:2)
  58 ugly things
  25 wolf spiders
  7 manticores
  A fire giant zombie (Crypt:1)
  22 elephants
  3 worldbinders (Abyss:2)
  9 cyclopes
  2 stone giant skeletons
  4 centaur zombies
  2 moths of wrath
  A fire giant skeleton (Crypt:3)
  A torpor snail (Spider:3)
  2 guardian serpents (shapeshifter)
  3 naga magi
  26 spiny frogs
  An apocalypse crab (Abyss:2)
  A guardian serpent (Desolation)
  7 vault sentinels
  Psyche (D:8)
  7 black mambas
  A rust devil (Spider:1)
  10 smoke demons
  A shock serpent skeleton (Crypt:1)
  A minotaur zombie (Crypt:1)
  An elephant slug zombie (Crypt:3)
  3 rime drakes
  11 demonic crawlers
  A hellion (Abyss:2)
  An efreet (Abyss:4)
  11 freezing wraiths
  6 komodo dragons
  2 rime drakes (shapeshifter)
  An entropy weaver simulacrum (Vaults:2)
  3 hellwings (Abyss:2)
  16 guardian mummies
  34 yaktaurs
  A hydra zombie (Tomb:1)
  6 ancient zymes
  A silent spectre (Abyss:2)
  A white draconian skeleton (Crypt:3)
  8 trolls
  25 jumping spiders
  A tengu conjurer (D:10)
  24 hornets
  A queen bee (Lair:2)
  5 polar bears
  7 tyrant leeches
  19 raiju
  3 meliai (Abyss:4)
  51 saltlings (Desolation)
  A harpy skeleton (Crypt:1)
  A hippogriff (shapeshifter) (Vaults:1)
  2 fire dragon zombies
  17 bog bodies
  Prince Ribbit (D:5)
  A hydra skeleton (Tomb:1)
  A sphinx simulacrum (Vaults:2)
  19 blink frogs
  37 slime creatures
  8 dream sheep (Lair:6)
  16 hippogriffs
  7 water elementals
  A redback (shapeshifter) (Vaults:1)
  39 flying skulls
  An ice dragon skeleton (Crypt:3)
  51 redbacks
  6 spriggans
  4 ynoxinuls
  6 shadows
  A spriggan (shapeshifter) (Vaults:3)
  An ettin skeleton (Crypt:3)
  A wind drake zombie (Crypt:1)
  12 wraiths
  A black mamba skeleton (Crypt:1)
  A vampire (D:9)
  46 yaks
  20 tarantellas
  Eustachio (D:5)
  8 basilisks
  2 golden eyes (Abyss:4)
  17 small abominations
  6 wyverns
  A human (D:14)
  3 chaos spawn
  2 hungry ghosts
  3 neqoxecs
  3 wargs (Orc:2)
  16 large abominations
  A warg (shapeshifter) (Vaults:2)
  22 vampire mosquitoes
  A harpy simulacrum (Crypt:1)
  A yaktaur simulacrum (Vaults:3)
  An acid dragon (Vaults:1)
  3 nagas (Abyss:2)
  17 swamp worms
  4 spatial vortices (Abyss:2)
  12 insubstantial wisps
  7 soldier ants
  13 water moccasins
  6 porcupines
  A spiny frog skeleton (Crypt:3)
  13 swamp drakes
  5 ice beasts
  38 orc warriors
  A snapping turtle zombie (Crypt:1)
  3 slaves (D:4)
  2 phantoms
  12 boggarts
  An eye of draining (shapeshifter) (Vaults:2)
  30 ogres
  3 necrophages
  6 sky beasts
  9 wolves
  An eye of draining (Abyss:4)
  33 centaurs
  A manticore skeleton (Crypt:3)
  2 big kobolds
  8 crocodiles
  2 elf zombies (Ossuary)
  A salamander zombie (Crypt:2)
  A gnoll sergeant (D:10)
  Blork the orc (Orc:2)
  14 bullfrogs
  An elf skeleton (Crypt:1)
  A spiny frog simulacrum (Tomb:1)
  8 earth elementals
  A wyvern skeleton (D:14)
  3 scorpions
  A water moccasin skeleton (Crypt:2)
  A raiju zombie (Crypt:2)
  11 wights
  42 killer bees
  9 howler monkeys
  8 electric eels
  12 crimson imps
  2 bullfrog zombies (D:10)
  3 quasits (Abyss:2)
  A wyvern simulacrum (D:14)
  A basilisk zombie (Crypt:2)
  6 hounds
  6 jellies
  20 orc priests
  6 bullfrog skeletons
  10 centaur skeletons
  5 iguanas
  5 iron imps (Abyss:2)
  A human skeleton (Crypt:1)
  21 orc wizards
  9 worker ants
  3 hound zombies
  A naga skeleton (Crypt:2)
  A hound skeleton (D:10)
  41 mummies
  A worker ant zombie (D:8)
  6 gnolls
  11 adders
  7 river rats (D:6)
  4 shadow imps
  2 ufetubi (Abyss:2)
  An ooze (D:4)
  4 worms (D:2)
  A barachi zombie (Crypt:1)
  2 dart slugs (D:1)
  8 leopard geckos
  80 orcs
  A ball python (D:5)
  8 bats
  2 giant cockroaches
  A gnoll zombie (Ossuary)
  6 goblins
  11 hobgoblins
  6 jackals
  20 kobolds
  14 quokkas
  3 frilled lizards
  A gnoll skeleton (Crypt:3)
  3 goblin zombies (Ossuary)
  A hobgoblin zombie (Ossuary)
  A kobold zombie (Ossuary)
  A leopard gecko skeleton (D:4)
  An orc zombie (Ossuary)
  A quokka zombie (D:8)
  19 rats
  A rat skeleton (Crypt:1)
  A rat zombie (Ossuary)
  5 briar patches (Swamp:2)
  A bush (Lair:6)
  6 fungi
  5 plants
  2 starspawn tentacles (Abyss:4)
2224 creatures vanquished.

Vanquished Creatures (others)
  Asterion (Spider:2)
  A hydra (Swamp:2)
  An ironbrand convoker (Desolation)
  A jumping spider (Spider:4)
  A hornet (Spider:1)
  A redback (Spider:2)
  A killer bee (Abyss:4)
  11 fungi
  3 lurking horrors (Abyss:2)
  3 plants
  6 starspawn tentacles
30 creatures vanquished.

Grand Total: 2254 creatures vanquished

Notes
Turn   | Place    | Note
-------+----------+-------------------------------------------
     0 | D:1      | test0r the Minotaur Fighter began the quest for the Orb.
     0 | D:1      | Reached XP level 1. HP: 19/19 MP: 0/0
   126 | D:1      | Reached XP level 2. HP: 25/27 MP: 1/1
   304 | D:1      | Reached skill level 4 in Fighting
   397 | D:1      | Reached XP level 3. HP: 31/33 MP: 2/2
  1456 | D:2      | Reached XP level 4. HP: 40/40 MP: 3/3
  2261 | D:3      | Reached XP level 5. HP: 41/46 MP: 4/4
  2705 | D:4      | Reached skill level 5 in Axes
  2705 | D:4      | Reached skill level 5 in Armour
  2705 | D:4      | Reached skill level 5 in Shields
  2706 | D:4      | Found Ywinotef's Distillery.
  2714 | D:4      | Bought a potion of heal wounds for 60 gold pieces
  2832 | D:4      | Found a sand-covered staircase.
  2838 | D:4      | Reached XP level 6. HP: 52/52 MP: 5/5
  2842 | Ossuary  | Entered an ossuary
  3284 | D:4      | Reached XP level 7. HP: 59/59 MP: 6/6
  3286 | D:4      | Noticed a two-headed ogre
  3713 | D:5      | Entered Level 5 of the Dungeon
  3756 | D:5      | Noticed Pikel
  3856 | D:5      | Noticed Eustachio
  3868 | D:5      | Killed Eustachio
  3893 | D:5      | Noticed Prince Ribbit
  3902 | D:5      | Killed Prince Ribbit
  3902 | D:5      | Reached XP level 8. HP: 59/66 MP: 7/7
  3984 | D:5      | Killed Pikel
  4003 | D:5      | Got a bloodstained scale mail
  4004 | D:5      | Identified the +5 scale mail "Qoatzico" {Int+7} (You found
                  | it on level 5 of the Dungeon)
  4345 | D:5      | Reached skill level 1 in Maces & Flails
  4829 | D:6      | Reached XP level 9. HP: 67/71 MP: 8/8
  5077 | D:6      | Found a bloodstained altar of Trog.
  5092 | D:6      | Reached skill level 5 in Maces & Flails
  5193 | D:6      | Found Luifoip's General Store.
  5211 | D:6      | Found Zoqyutox's Jewellery Boutique.
  5238 | D:6      | Found Pishrugay's General Store.
  5673 | D:6      | Found Utucimm's Armour Shoppe.
  5973 | D:4      | Found Ywinotef's Distillery.
  6030 | D:4      | Killed a two-headed ogre
  6679 | D:7      | Found a staircase to the Ecumenical Temple.
  6708 | Temple   | Entered the Ecumenical Temple
  6821 | Temple   | Became a worshipper of Warmaster Okawaru
  7571 | D:8      | Reached XP level 10. HP: 53/79 MP: 9/9
  7949 | D:8      | Noticed Psyche
  7981 | D:8      | Reached * piety under Okawaru
  7994 | D:8      | Killed Psyche
  8485 | D:8      | Found a staircase to the Lair.
  8532 | D:8      | Found the cursed necklace of Bloodlust {*Rage +Rage MR++
                  | Int-3 Slay+6 *Curse}
  8880 | D:9      | Reached skill level 10 in Armour
  8880 | D:9      | Reached skill level 10 in Shields
  8933 | D:9      | Reached ** piety under Okawaru
  9011 | D:9      | Noticed a four-headed hydra
  9023 | D:9      | Killed a five-headed hydra
  9023 | D:9      | Reached skill level 10 in Axes
  9023 | D:9      | Reached skill level 1 in Invocations
  9386 | D:10     | Entered Level 10 of the Dungeon
  9514 | D:10     | Got an ancient plate armour
  9516 | D:10     | Noticed a two-headed ogre
  9523 | D:10     | Reached *** piety under Okawaru
  9534 | D:10     | Identified the +9 plate armour "Irchuh" {rElec rF- rC+++
                  | Str+3} (You found it on level 10 of the Dungeon)
  9541 | D:10     | Killed a two-headed ogre
  9541 | D:10     | Reached XP level 11. HP: 83/84 MP: 11/11
  9566 | D:10     | Identified the +8 plate armour of Hangman {Str+4}
  9566 | D:10     | Noticed a skeletal warrior
  9571 | D:10     | Noticed a deep elf mage
  9594 | D:10     | Killed a skeletal warrior
  9594 | D:10     | Reached **** piety under Okawaru
  9597 | D:10     | Killed a deep elf mage
  9699 | D:10     | Noticed a tengu warrior
  9711 | D:10     | Killed a tengu warrior
 10051 | D:10     | Found a staircase to the Orcish Mines.
 10410 | D:6      | Bought a scroll of identify for 30 gold pieces
 10612 | D:11     | Reached ***** piety under Okawaru
 10855 | D:11     | Noticed an unseen horror
 10864 | D:11     | Killed an unseen horror
 11105 | D:11     | Paralysed by a hornet for 2 turns
 11114 | D:11     | Reached XP level 12. HP: 65/93 MP: 14/14
 11133 | D:11     | Reached skill level 5 in Invocations
 11534 | D:11     | Reached skill level 5 in Fighting
 11577 | D:11     | Found Royqeton's Distillery.
 11582 | D:11     | Bought a potion of might for 52 gold pieces
 11582 | D:11     | Bought a potion of agility for 52 gold pieces
 11846 | Lair:1   | Entered Level 1 of the Lair of Beasts
 12289 | Lair:1   | Noticed Erica
 12299 | Lair:1   | Killed Erica
 12299 | Lair:1   | Received a gift from Okawaru
 12932 | Lair:2   | Reached skill level 6 in Fighting
 12987 | Lair:2   | Reached ****** piety under Okawaru
 13007 | Lair:2   | Received a gift from Okawaru
 13015 | Lair:2   | Reached skill level 7 in Fighting
 13296 | Lair:2   | Received a gift from Okawaru
 14036 | Lair:3   | Reached XP level 13. HP: 105/105 MP: 15/15
 14126 | Lair:3   | Noticed Urug
 14327 | Lair:3   | Killed Urug
 14411 | Lair:3   | Received a gift from Okawaru
 14411 | Lair:3   | Reached skill level 8 in Fighting
 14417 | Lair:3   | Reached skill level 15 in Axes
 14773 | Lair:3   | Found a hole to the Spider Nest.
 15425 | Lair:4   | Found a staircase to the Swamp.
 15428 | Lair:4   | Reached skill level 9 in Fighting
 15509 | Lair:4   | Found a stormy altar of Qazlal.
 15517 | Lair:4   | Noticed Rupert
 15528 | Lair:4   | Killed Rupert
 15528 | Lair:4   | Received a gift from Okawaru
 16465 | Lair:5   | Reached XP level 14. HP: 118/118 MP: 16/16
 16467 | Lair:5   | Reached skill level 1 in Bows
 16471 | Lair:5   | Noticed Snorg
 16484 | Lair:5   | Killed Snorg
 16651 | Lair:5   | Received a gift from Okawaru
 17706 | Lair:6   | Entered Level 6 of the Lair of Beasts
 17713 | Lair:6   | Found a viscous altar of Jiyva.
 17713 | Lair:6   | Found a staircase to the Slime Pits.
 17751 | Lair:6   | Reached skill level 10 in Fighting
 18089 | Lair:6   | Found a runed translucent door.
 18089 | Lair:6   | Noticed kalagan's ghost (journeyman GrEE)
 18102 | Lair:6   | Killed kalagan's ghost
 18102 | Lair:6   | Received a gift from Okawaru
 19451 | Spider:1 | Entered Level 1 of the Spider Nest
 19598 | Spider:1 | Found a transporter.
 19976 | Spider:1 | Noticed an entropy weaver
 19976 | Spider:1 | Noticed an entropy weaver
 19976 | Spider:1 | Cast into level 2 of the Abyss (the power of Zot)
 20002 | Abyss:2  | Reached XP level 15. HP: 125/128 MP: 19/19
 20076 | Abyss:2  | Reached skill level 5 in Bows
 20082 | Spider:1 | Escaped the Abyss
 20087 | Spider:1 | Noticed a Hell Sentinel
 20093 | Spider:1 | Reached skill level 11 in Fighting
 20099 | Spider:1 | Received a gift from Okawaru
 20100 | Spider:1 | Killed a Hell Sentinel
 20498 | Spider:1 | Found a transporter.
 20503 | Spider:1 | Got a shimmering large shield
 20506 | Spider:1 | Got a clouded bronze ring
 20520 | Spider:1 | Got a wavering golden ring
 20535 | Spider:1 | Identified the cursed +0 large shield of Words of Power
                  | {rElec rCorr} (You found it on level 1 of the Spider Nest)
 20539 | Spider:1 | Identified the ring of the Unstoppable Eyes {rElec rN+
                  | Str+3} (You found it on level 1 of the Spider Nest)
 20541 | Spider:1 | Identified the ring of Agnosticism {rCorr *Contam rC+++
                  | MP-9 Dex+9} (You found it on level 1 of the Spider Nest)
 20717 | Spider:1 | Reached skill level 1 in Stealth
 20718 | Spider:1 | Received a gift from Okawaru
 21290 | Spider:2 | Received a gift from Okawaru
 21290 | Spider:2 | Reached skill level 15 in Armour
 21290 | Spider:2 | Reached skill level 15 in Shields
 21793 | Spider:2 | Noticed Asterion
 21804 | Spider:2 | Killed Asterion
 22373 | Spider:3 | Reached skill level 1 in Dodging
 23164 | Spider:3 | Noticed a ghost moth
 23164 | Spider:3 | Lost intelligence.
 23171 | Spider:2 | Killed a ghost moth
 23476 | Spider:3 | Noticed a ghost moth
 23479 | Spider:3 | Killed a ghost moth
 23557 | Spider:4 | Entered Level 4 of the Spider Nest
 23587 | Spider:4 | Got a dazzling hunting sling
 23853 | Spider:4 | Noticed a ghost moth
 23857 | Spider:4 | Killed a ghost moth
 23867 | Spider:4 | Reached XP level 16. HP: 137/137 MP: 0/20
 23877 | Spider:4 | Received a gift from Okawaru
 23887 | Spider:4 | Got a sparkling bronze ring
 24008 | Spider:4 | Identified the ring of Scepticism {rElec rF- rN+ Int+3
                  | Slay+3} (You found it on level 4 of the Spider Nest)
 24063 | Spider:4 | Reached skill level 5 in Dodging
 24615 | Spider:4 | Gained mutation: You are clumsy. (Dex -2) [mutagenic glow]
 24889 | Spider:4 | Got a gossamer rune of Zot
 25290 | Swamp:1  | Entered Level 1 of the Swamp
 25418 | Swamp:1  | Reached skill level 12 in Fighting
 25902 | Swamp:2  | Reached skill level 5 in Stealth
 25929 | Swamp:2  | Noticed a thorn hunter
 25949 | Swamp:2  | Killed a thorn hunter
 26081 | Swamp:2  | Noticed Nikola
 26562 | Swamp:2  | Received a gift from Okawaru
 26815 | Swamp:2  | Reached skill level 13 in Fighting
 26982 | Swamp:2  | Noticed a thorn hunter
 27006 | Swamp:2  | Killed a thorn hunter
 27621 | Swamp:2  | Killed Nikola
 28102 | Swamp:3  | Noticed Bai Suzhen
 28583 | Swamp:3  | Reached XP level 17. HP: 126/151 MP: 21/21
 28752 | Swamp:3  | Killed Bai Suzhen
 28752 | Swamp:3  | Reached skill level 14 in Fighting
 28754 | Swamp:3  | Noticed Jorgrun
 28765 | Swamp:3  | Killed Jorgrun
 28765 | Swamp:3  | Received a gift from Okawaru
 28988 | Swamp:3  | Noticed Louise
 29006 | Swamp:3  | Killed Louise
 29351 | Swamp:4  | Entered Level 4 of the Swamp
 29567 | Swamp:4  | Received a gift from Okawaru
 30938 | Swamp:4  | Noticed the 27-headed Lernaean hydra
 30949 | Swamp:4  | Killed the 22-headed Lernaean hydra
 30949 | Swamp:4  | Received a gift from Okawaru
 30949 | Swamp:4  | Reached skill level 15 in Fighting
 30960 | Swamp:4  | Got a translucent scale mail {god gift}
 31342 | Swamp:4  | Identified the +2 scale mail "Gaelisk" {Regen+ Dex+3}
                  | (Okawaru gifted it to you on level 4 of the Swamp)
 31864 | Swamp:4  | Got a decaying rune of Zot
 32468 | Slime:1  | Entered Level 1 of the Pits of Slime
 32646 | Orc:1    | Entered Level 1 of the Orcish Mines
 32646 | Orc:1    | Noticed Fannar
 32652 | Orc:1    | Killed Fannar
 32687 | Orc:1    | Found Nogyonli's Antique Armour Emporium.
 32772 | Orc:1    | Noticed Nergalle
 32781 | Orc:1    | Killed Nergalle
 32891 | Orc:2    | Entered Level 2 of the Orcish Mines
 32991 | Orc:2    | Noticed Blork the orc
 32999 | Orc:2    | Killed Blork the orc
 33150 | Orc:2    | Found a roughly hewn altar of Beogh.
 33230 | Orc:2    | Found Kameith's Antique Armour Boutique.
 33346 | Orc:2    | Found a staircase to the Elven Halls.
 33533 | Orc:2    | Bought the +3 crown of Dyrovepreva {rElec Int+2 SInv} for
                  | 1531 gold pieces
 33533 | Orc:2    | Found the +3 crown of Dyrovepreva {rElec Int+2 SInv}
 33552 | Orc:2    | Found Waacishu's Book Boutique.
 33684 | Orc:2    | Found Cofisuf's General Store.
 33699 | Orc:2    | Found Unalaub's Antique Weapon Boutique.
 34097 | Orc:1    | Bought a glowing shield for 210 gold pieces
 34601 | D:12     | Found Ciacom's Assorted Antiques.
 35004 | D:13     | Found a gate leading to a gauntlet.
 35478 | D:13     | Reached XP level 18. HP: 166/166 MP: 13/22
 35589 | D:14     | Found Isiagamp's Distillery.
 35597 | D:14     | Noticed Frances
 35909 | D:14     | Reached skill level 16 in Fighting
 35924 | D:14     | Killed Frances
 36023 | D:14     | Bought a potion of might for 64 gold pieces
 36093 | D:14     | Received a gift from Okawaru
 36093 | D:14     | Reached skill level 10 in Dodging
 36546 | D:14     | Found Jonoiw Cug's Magic Scroll Shoppe.
 36563 | D:14     | Found Tovu's Jewellery Shop.
 36807 | D:14     | Found Veuvatoo's Weapon Shoppe.
 37131 | D:14     | Found a gate to the Vaults.
 37189 | D:15     | Entered Level 15 of the Dungeon
 37255 | D:15     | Reached skill level 17 in Fighting
 37337 | D:15     | Got a slimy scale mail
 37348 | D:15     | Identified the cursed +1 scale mail of the Known World {rC+
                  | rN+ Str-4} (You found it on level 15 of the Dungeon)
 37752 | D:15     | Found a staircase to the Depths.
 38447 | Elf:1    | Entered Level 1 of the Elven Halls
 38500 | Elf:1    | Found a ruined gateway.
 38505 | Desolati | Entered the Desolation of Salt
 38527 | Desolati | Received a gift from Okawaru
 38528 | Desolati | Got a brightly glowing lajatang {god gift}
 38537 | Desolati | Identified the +8 lajatang of Lisat {pain, Str+4} (Okawaru
                  | gifted it to you in the Desolation of Salt)
 38850 | Desolati | Received a gift from Okawaru
 38887 | Desolati | Reached skill level 18 in Fighting
 39016 | Desolati | Reached XP level 19. HP: 179/179 MP: 14/23
 39104 | Desolati | Got a crude short sword
 39108 | Desolati | Identified the Reference Book on Displacement
 39112 | Desolati | Got a pair of steaming gloves
 39128 | Desolati | Identified the +0 pair of gloves of the Serpent {Str+4}
                  | (You found it in the Desolation of Salt)
 39130 | Desolati | Got a scorched pewter amulet
 39132 | Desolati | Identified the amulet "Neimeal" {Acrobat rC+ Int+4} (You
                  | found it in the Desolation of Salt)
 39238 | Desolati | Got a pitted silver ring
 39241 | Desolati | Identified the Almanac of Stones
 39245 | Desolati | Got a shimmering platinum ring
 39247 | Desolati | Identified the ring of Ycvexagh {rF+ MR+ Int+4} (You found
                  | it in the Desolation of Salt)
 39249 | Desolati | Identified the ring of Ceploq {rPois rF+ rC+++ MP+9 Str-2}
                  | (You found it in the Desolation of Salt)
 39466 | Elf:1    | Got an ebony dagger
 39467 | Elf:1    | Identified the +5 short sword "Loumary" {pain, Int+3} (You
                  | found it in the Desolation of Salt)
 39468 | Elf:1    | Identified the +4 dagger of the Middle {flame, rN++ MR+}
                  | (You found it on level 1 of the Elven Halls)
 40219 | Elf:1    | Reached skill level 19 in Fighting
 40240 | Elf:1    | Found Adew's Antique Armour Shop.
 40242 | Elf:1    | Found Poeqaimm's Jewellery Boutique.
 40244 | Elf:1    | Found Negot's Magic Scroll Shop.
 40248 | Elf:1    | Bought a pair of runed boots for 187 gold pieces
 40258 | Elf:1    | Identified a +0 pair of boots of running (You bought it in
                  | a shop on level 1 of the Elven Halls)
 40269 | Elf:1    | Bought a glowing scarf for 200 gold pieces
 40281 | Elf:1    | Bought a runed cloak for 187 gold pieces
 40846 | Elf:2    | Received a gift from Okawaru
 41373 | Elf:2    | Received a gift from Okawaru
 41403 | Elf:2    | Found a huge runed translucent gate.
 41403 | Elf:2    | Found a huge runed translucent gate.
 41403 | Elf:2    | Found a huge runed translucent gate.
 41406 | Elf:2    | Found a huge runed translucent gate.
 41406 | Elf:2    | Found a huge runed translucent gate.
 41726 | Elf:2    | Received a gift from Okawaru
 41979 | Elf:2    | Got a fine cloak {god gift}
 41990 | Elf:2    | Identified the +0 cloak of Mumblety Peg {-Tele rC+ rN+
                  | Dex+6} (Okawaru gifted it to you on level 2 of the Elven
                  | Halls)
 42211 | Elf:3    | Entered Level 3 of the Elven Halls
 42375 | Elf:3    | Reached skill level 20 in Fighting
 42476 | Elf:3    | Identified a scroll of acquirement
 42609 | Elf:3    | Cast into level 2 of the Abyss (+2 battleaxe of distortion)
 42634 | Abyss:2  | Got a wavering brass ring
 42636 | Abyss:2  | Identified the ring of Suspected Treachery {Str+3 Slay+2}
                  | (You found it on level 2 of the Abyss)
 42808 | Abyss:2  | Reached XP level 20. HP: 175/193 MP: 15/24
 42815 | Abyss:2  | Found a deep blue altar of Sif Muna.
 42992 | Abyss:2  | Gained mutation: You are weak. (Str -2) [a neqoxec]
 43085 | Abyss:2  | Noticed a profane servitor
 43093 | Abyss:2  | Killed a profane servitor
 43252 | Abyss:2  | Gained mutation: You are dopey. (Int -2) [mutagenic glow]
 43341 | Abyss:2  | Lost intelligence.
 43347 | Abyss:2  | Received a gift from Okawaru
 43408 | Abyss:2  | Noticed a bone dragon
 43417 | Abyss:2  | Killed a bone dragon
 43560 | Abyss:2  | Reached skill level 21 in Fighting
 43980 | Abyss:2  | Noticed a bone dragon
 43996 | Abyss:2  | Killed a bone dragon
 44104 | Abyss:3  | Lost intelligence.
 44117 | Abyss:4  | Got a transparent lapis lazuli ring
 44145 | Elf:3    | Escaped the Abyss
 44159 | Elf:3    | Identified the ring of Guxtomoi {rC+ Int+4} (You found it
                  | on level 4 of the Abyss)
 44273 | Elf:3    | Received a gift from Okawaru
 44339 | Elf:3    | Received a gift from Okawaru
 44353 | Elf:3    | Gained mutation: You are very weak. (Str -4) [a cacodemon]
 44889 | Elf:3    | Reached skill level 22 in Fighting
 44893 | Elf:3    | Reached XP level 21. HP: 207/207 MP: 25/25
 45801 | Elf:3    | Got a slimy iron amulet
 45804 | Elf:3    | Identified the amulet of Musopo {Inacc Str+3 Int+4} (You
                  | found it on level 3 of the Elven Halls)
 45846 | Elf:3    | Identified the Catalogue of Creation
 46256 | D:15     | Lost mutation: You are clumsy. (Dex -2) [potion of
                  | mutation]
 46256 | D:15     | Lost mutation: You are dopey. (Int -2) [potion of mutation]
 46256 | D:15     | Gained mutation: Your magical capacity is low. (-10% MP)
                  | [potion of mutation]
 46256 | D:15     | Gained mutation: Your flesh is heat resistant. (rF+)
                  | [potion of mutation]
 46487 | Lair:2   | Lost mutation: Your magical capacity is low. (-10% MP)
                  | [potion of mutation]
 46487 | Lair:2   | Lost mutation: Your flesh is heat resistant. (rF+) [potion
                  | of mutation]
 46487 | Lair:2   | Lost mutation: You are very weak. (Str -4) [potion of
                  | mutation]
 46487 | Lair:2   | Gained mutation: Your movements are slightly less
                  | encumbered by armour. (ER -2) [potion of mutation]
 46487 | Lair:2   | Gained mutation: Armour fits poorly on your strangely
                  | shaped body. [potion of mutation]
 46487 | Lair:2   | Gained mutation: You possess an exceptional clarity of
                  | mind. [potion of mutation]
 46488 | Lair:2   | Lost mutation: Armour fits poorly on your strangely shaped
                  | body. [potion of mutation]
 46488 | Lair:2   | Lost mutation: You possess an exceptional clarity of mind.
                  | [potion of mutation]
 46488 | Lair:2   | Lost mutation: You are weak. (Str -2) [potion of mutation]
 46488 | Lair:2   | Lost mutation: Your movements are slightly less encumbered
                  | by armour. (ER -2) [potion of mutation]
 46488 | Lair:2   | Gained mutation: You are resistant to electric shocks.
                  | (rElec) [potion of mutation]
 46488 | Lair:2   | Gained mutation: Your flesh is heat resistant. (rF+)
                  | [potion of mutation]
 46488 | Lair:2   | Gained mutation: Your system is resistant to poisons.
                  | (rPois) [potion of mutation]
 46677 | Vaults:1 | Entered Level 1 of the Vaults
 46895 | Vaults:1 | You fall through a shaft!
 47089 | Vaults:1 | Received a gift from Okawaru
 47354 | Vaults:1 | Reached skill level 23 in Fighting
 48109 | Vaults:1 | Received a gift from Okawaru
 48299 | Vaults:1 | Reached XP level 22. HP: 221/221 MP: 26/26
 49612 | Vaults:2 | Reached skill level 24 in Fighting
 50256 | Vaults:3 | Received a gift from Okawaru
 50257 | Vaults:3 | Got a faintly glowing broad axe {god gift}
 50263 | Vaults:3 | Identified the +3 broad axe of Oenomania {distort, +Blink
                  | rC++ Stlth-} (Okawaru gifted it to you on level 3 of the
                  | Vaults)
 50264 | Vaults:3 | Cast into level 4 of the Abyss (a distortion unwield)
 50291 | Abyss:4  | Found a hazy altar of Hepliaklqana.
 50297 | Abyss:4  | Found a corrupted altar of Lugonu.
 50354 | Abyss:4  | Found a corrupted altar of Lugonu.
 50643 | Vaults:3 | Escaped the Abyss
 50749 | Vaults:3 | Found Asopiz's Distillery.
 50753 | Vaults:3 | Bought a potion of agility for 44 gold pieces
 50753 | Vaults:3 | Bought a potion of might for 44 gold pieces
 50753 | Vaults:3 | Bought a potion of might for 44 gold pieces
 50753 | Vaults:3 | Bought a potion of heal wounds for 55 gold pieces
 50971 | Vaults:3 | Received a gift from Okawaru
 51147 | Vaults:3 | Found a staircase to the Crypt.
 51584 | Vaults:3 | Noticed Boris
 51592 | Vaults:3 | Killed Boris
 51736 | Crypt:1  | Entered Level 1 of the Crypt
 51768 | Crypt:1  | Reached skill level 25 in Fighting
 52123 | Crypt:1  | Received a gift from Okawaru
 52362 | Crypt:1  | Got a bloodstained robe
 52363 | Crypt:1  | Identified the +3 robe of Kikubaaqudgha's Wrath {Int+6}
                  | (You found it on level 1 of the Crypt)
 52389 | Crypt:1  | Reached XP level 23. HP: 234/234 MP: 28/28
 52768 | Crypt:2  | Noticed Mennas
 52778 | Crypt:2  | Killed Mennas
 53206 | Crypt:3  | Entered Level 3 of the Crypt
 53229 | Crypt:3  | Reached skill level 10 in Invocations
 53334 | Crypt:3  | Reached skill level 26 in Fighting
 53348 | Crypt:3  | Received a gift from Okawaru
 53365 | Crypt:3  | Got a crude graven amulet
 53368 | Crypt:3  | Identified the amulet "Ynkorekk" {Spirit Stlth+} (You
                  | acquired it on level 3 of the Crypt)
 53376 | Crypt:3  | Got a coiled copper ring
 53400 | Crypt:3  | Got a smoking ruby amulet
 53401 | Crypt:3  | Identified the amulet of Winter {+Rage rC+ MR++} (You
                  | acquired it on level 3 of the Crypt)
 53404 | Crypt:3  | Identified the ring "Ennem" {MR- Str+6 Int+6} (You acquired
                  | it on level 3 of the Crypt)
 54111 | Crypt:3  | Noticed a curse toe
 54112 | Crypt:3  | Found the amulet of the Air {Inacc +Fly rElec EV+5 RMsl}
 54265 | Crypt:3  | Found the +7 great mace "Undeadhunter" {disrupt, rN+}
 54333 | Crypt:3  | Found a staircase to the Tomb.
 54386 | Crypt:3  | Noticed an ancient lich
 54386 | Crypt:3  | Noticed an ancient lich
 54408 | Crypt:3  | Killed a curse toe
 54746 | Tomb:1   | Entered Level 1 of the Tomb of the Ancients
 54979 | Tomb:1   | Noticed a greater mummy
 54994 | Tomb:1   | Killed a greater mummy
 54994 | Tomb:1   | Received a gift from Okawaru
 55044 | Tomb:1   | Noticed a greater mummy
 55060 | Tomb:1   | Killed a greater mummy
 55125 | Tomb:1   | Got a pair of faintly humming boots {god gift}
 55136 | Tomb:1   | Identified the +1 pair of boots of Tixog {rCorr Int+4 SInv}
                  | (Okawaru gifted it to you on level 1 of the Tomb of the
                  | Ancients)
 55677 | Tomb:2   | Noticed a greater mummy
 55677 | Tomb:2   | Noticed a greater mummy
 55677 | Tomb:2   | Noticed a greater mummy
 55677 | Tomb:2   | Noticed a greater mummy
 55690 | Tomb:2   | Killed a greater mummy
 55693 | Tomb:2   | HP: 9/237 [mummy priest/divine providence (9)]
 55700 | Tomb:2   | Reached XP level 24. HP: 19/247 MP: 29/29
 55701 | Tomb:2   | HP: 3/247 [death scarab[a greater mummy] (16)]
 55701 | Tomb:2   | Killed from afar by a mummy priest

Skill      XL: |  1  2  3  4  5  6  7  8  9 10 11 12 13 14 15 16 17 18 19 20 21 22 23 |
---------------+----------------------------------------------------------------------+-----
Fighting       | 4 7 9 10 11 13 15 18 20 22 23 25 26 | 26.9
Armour         | 4 5 6 7 9 10 11 12 13 14 16 17 18 19 20 21 | 21.8
Shields        | 4 5 6 7 9 10 11 12 13 14 16 17 18 19 20 21 22 | 22.0
Axes           | 3 4 5 6 7 9 10 12 14 16 17 | 17.2
Maces & Flails | 4 8 9 |  9.2
Invocations    | 2 4 5 7 9 10 | 10.0
Bows           | 4 5 |  5.0
Stealth        | 4 6 8 |  8.0
Dodging        | 4 7 9 10 11 12 | 12.6

Action                   |  1- 3 |  4- 6 |  7- 9 | 10-12 | 13-15 | 16-18 | 19-21 | 22-24 || total
-------------------------+-------+-------+-------+-------+-------+-------+-------+-------++-------
Melee: War axe           |   108 |   161 |    69 |   520 |       |       |       |       ||   858
       Headbutt          |    13 |    23 |    64 |   121 |   194 |   318 |   385 |   344 ||  1462
       Whip              |       |       |   277 |    36 |       |       |       |       ||   313
       Broad axe         |       |       |       |    48 |   688 |  1110 |  1176 |   964 ||  3986
 Fire: Longbow           |       |       |       |       |     5 |       |       |       ||     5
Invok: Heroism           |       |       |       |     4 |     6 |     8 |     8 |     7 ||    33
       Finesse           |       |       |       |       |       |       |     2 |     3 ||     5
  Use: Scroll            |     6 |       |     6 |     9 |    14 |    11 |     6 |    14 ||    66
       Potion            |       |     2 |     3 |     3 |     4 |     8 |    11 |     4 ||    35
 Stab: Invisible         |       |       |     7 |     3 |       |       |       |       ||    10
       Petrified         |       |       |       |       |     1 |       |       |       ||     1
       Distracted        |       |       |       |       |       |     1 |       |     1 ||     2
       Paralysed         |       |       |       |       |       |       |     1 |       ||     1
  Eat: Chunk             |     2 |     5 |    10 |    12 |    16 |    26 |    13 |     5 ||    89
       Ration            |       |       |     2 |     3 |     5 |     7 |     5 |     8 ||    30
Armor: Scale mail        |    41 |       |    80 |    35 |       |       |       |       ||   156
       Chain mail        |     9 |    90 |    17 |       |       |       |       |       ||   116
       Plate armour      |       |       |       |   200 |   329 |   473 |   285 |   205 ||  1492
Dodge: Dodged            |    27 |    49 |    88 |   131 |   157 |   345 |   337 |   270 ||  1404
Block: Shield            |    46 |    90 |   164 |   405 |   310 |   360 |   743 |   678 ||  2796
       Large shield      |       |       |       |       |   292 |   606 |       |       ||   898
